 Dungeon Crawl Stone Soup version 0.27-a0-1202-ge72e49191c (webtiles) character file.

Game seed: 2585774997427708397

401 bilbop the Bolt Thrower (level 6, 0/53 HPs)
             Began as a Minotaur Hunter on June 5, 2021.
             Slain by a meliai zombie (7 damage)
             ... on level 5 of the Dungeon.
             The game lasted 00:13:55 (3639 turns).

bilbop the Bolt Thrower (Minotaur Hunter)           Turns: 3639, Time: 00:13:55

Health: 0/53       AC: 11    Str: 19    XL:     6   Next: 54%
Magic:  5/5        EV:  8    Int:  8    God:
Gold:   199        SH:  0    Dex: 10    Spells: 5/5 levels left

rFire    . . .     SeeInvis .   b - +0 whip
rCold    . . .     Faith    .   (no shield)
rNeg     . . .     Spirit   .   s - +0 chain mail
rPois    .         Reflect  .   (helmet restricted)
rElec    .         Harm     .   k - +0 cloak
rCorr    .         Rampage  .   (no gloves)
Will     +....                  f - +0 pair of boots
Stlth    ..........             (no amulet)
HPRegen  0.17/turn              g - ring of willpower
MPRegen  0.09/turn              (no ring)

@: no status effects
A: horns 2, retaliatory headbutt
a: no special abilities


You were on level 5 of the Dungeon.
You visited 1 branch of the dungeon, and saw 5 of its levels.

You collected 199 gold pieces.

Inventory:

Hand Weapons
 a - a +1 hand crossbow
 b - a +0 whip (weapon)
 e - a +0 short sword
Missiles
 d - 29 bolts
Armour
 c - a +0 leather armour
 f - a +0 pair of boots (worn)
 k - a +0 cloak (worn)
 s - a +0 chain mail (worn)
Jewellery
 g - a ring of willpower (left hand)
Wands
 w - a wand of acid (6)
Scrolls
 h - a scroll of enchant armour {unknown}
 l - a scroll of amnesia {unknown}
 m - a scroll of blinking {unknown}
 n - 2 scrolls of immolation {unknown}
 o - 3 scrolls of magic mapping {unknown}
 q - a scroll of teleportation {unknown}
 r - 3 scrolls of identify {unknown}
 t - a scroll of vulnerability {unknown}
Potions
 i - 2 potions of degeneration {unknown}
 j - 4 potions of attraction {unknown}
 p - a potion of brilliance {unknown}
 u - 2 potions of curing {unknown}
 v - a potion of berserk rage {unknown}
 x - a potion of heal wounds {unknown}


   Skills:
 + Level 4.3 Fighting
 * Level 5.0 Maces & Flails
 + Level 5.4 Crossbows
 + Level 3.3 Armour
 - Level 2.1 Dodging
 - Level 0.7 Stealth


You had 5 spell levels left.
You didn't know any spells.
Your spell library contained the following spells:

 Spells                   Type           Power      Damage    Failure   Level
 Animate Skeleton         Necr           0%         N/A       99%         1
 Pain                     Necr           0%         1d4       99%         1
 Vampiric Draining        Necr           0%         2d6       100%        3
 Animate Dead             Necr           0%         N/A       100%        4
 Agony                    Necr           0%         N/A       100%        5


Dungeon Overview and Level Annotations

Branches:
Dungeon (5/15)
 Temple: D:4-7

Altars:
Qazlal
Uskayaw


Innate Abilities, Weirdness & Mutations

You have a pair of horns on your head.
You reflexively headbutt those who attack you in melee.


Message History

You are too injured to fight recklessly!
You are too injured to fight recklessly!
You are too injured to fight recklessly!
You are too injured to fight recklessly!
b - a +0 whip (weapon)
The meliai zombie hits you but does no damage. x2
You closely miss the meliai zombie.
The meliai zombie is moderately damaged.
The meliai zombie hits you.
The meliai zombie hits you but does no damage.
You closely miss the meliai zombie. You headbutt the meliai zombie.
The meliai zombie is moderately damaged.
The meliai zombie hits you but does no damage.
The meliai zombie hits you.
The meliai zombie hits you but does no damage.
The meliai zombie closely misses you.
You closely miss the meliai zombie.
The meliai zombie is moderately damaged.
The meliai zombie barely misses you. The meliai zombie hits you.
* * * LOW HITPOINT WARNING * * *
You closely miss the meliai zombie.
The meliai zombie is moderately damaged.
The meliai zombie hits you but does no damage. x4
You closely miss the meliai zombie.
The meliai zombie is moderately damaged.
The meliai zombie closely misses you. The meliai zombie barely misses you.
The meliai zombie hits you.
* * * LOW HITPOINT WARNING * * *
The meliai zombie hits you but does no damage.
You barely miss the meliai zombie. You headbutt the meliai zombie.
The meliai zombie is heavily damaged.
The meliai zombie hits you.
* * * LOW HITPOINT WARNING * * *
The meliai zombie hits you.
* * * LOW HITPOINT WARNING * * *
You closely miss the meliai zombie. You headbutt the meliai zombie.
The meliai zombie is heavily damaged.
The meliai zombie hits you but does no damage. x2
The meliai zombie hits you!
You die...

#......8.8...#
#.
#####.........#
..
#..(....#######
#. #.#.#.###
#(# ##.### ..
##..[##
#.##..†..##
#Z#.......#..
#.@..._...(.#
###.......###
##.....##
##...## ##.##
..# ##


You could see a meliai zombie.

Vanquished Creatures
  An ogre (D:5)
  A centaur (D:5)
  A gnoll shaman (D:5)
  Ijyb (D:3)
  4 gnolls (D:5)
  4 adders
  An ufetubus (D:5)
  An adder skeleton (D:5)
  2 worms
  A dart slug (D:4)
  6 orcs (D:4)
  8 ball pythons
  6 endoplasms
  4 giant cockroaches
  4 goblins
  9 hobgoblins
  11 jackals
  5 kobolds
  2 quokkas (D:3)
  6 bats
  3 frilled lizards
  5 rats
86 creatures vanquished.

Notes
Turn   | Place    | Note
-------+----------+-------------------------------------------
     0 | D:1      | bilbop the Minotaur Hunter began the quest for the Orb.
     0 | D:1      | Reached XP level 1. HP: 18/18 MP: 0/0
    60 | D:1      | Reached skill level 1 in Maces & Flails
    63 | D:1      | Reached XP level 2. HP: 25/25 MP: 1/1
   117 | D:1      | You fall into a shaft and drop 1 floor!
   184 | D:1      | Reached skill level 1 in Armour
   370 | D:1      | Found a faded altar of an unknown god.
   440 | D:1      | Reached XP level 3. HP: 30/30 MP: 2/2
  1265 | D:3      | Noticed Ijyb
  1277 | D:3      | Killed Ijyb
  1278 | D:3      | Reached XP level 4. HP: 36/38 MP: 3/3
  2357 | D:4      | Reached XP level 5. HP: 45/45 MP: 4/4
  2806 | D:5      | Entered Level 5 of the Dungeon
  2830 | D:5      | Noticed a centaur
  2832 | D:5      | Noticed a centaur
  2851 | D:5      | Reached skill level 5 in Crossbows
  3140 | D:5      | Killed a centaur
  3141 | D:5      | Reached XP level 6. HP: 11/52 MP: 5/5
  3605 | D:5      | Found a hide-covered altar of Uskayaw.
  3612 | D:5      | Found a stormy altar of Qazlal.
  3615 | D:5      | Reached skill level 5 in Maces & Flails
  3639 | D:5      | Slain by a meliai zombie

Illustrated notes

Levels and vault maps discovered:
D:1:      amcnicky_arrival_double_pillar, layout_basic, basic_ecumenical_altar
D:2:      layout_loops_ring
D:3:      layout_basic, grunt_ministairs_7, uniq_ijyb
D:4:      layout_loops_corners, corexii_shack, dk_noncrumbling_2,
          kennysheep_boxes
D:5:      layout_loops_ring, nicolae_uskayaw_dance_hall, lemuel_round_altar,
          tso_altar, minmay_manual_mares

Skill      XL: |  1  2  3  4  5  6 |
---------------+-------------------+-----
Maces & Flails | 1 3 4 5 |  5.0
Armour         | 1 2 3 |  3.3
Fighting       | 3 4 |  4.3
Crossbows      | 5 |  5.4
Dodging        | |  2.1
Stealth        | |  0.7

Action                   |  1- 3 |  4- 6 || total
-------------------------+-------+-------++-------
Melee: Whip              |       |    63 ||    63
       Headbutt          |       |    13 ||    13
 Fire: Hand crossbow     |    86 |    76 ||   162
Armor: Leather armour    |     4 |     1 ||     5
       Chain mail        |       |    84 ||    84
Dodge: Dodged            |     8 |    66 ||    74

Table legend: (Time is in decaauts)
 A = Elapsed time spent in this place.
 B = Non-inter-level travel time spent in this place.
 C = Inter-level travel time spent in this place.
 D = Time resting spent in this place.
 E = Time spent auto-exploring this place.
 F = Levels seen in this place.
 G = Mean time per level.
                   A        B        C        D        E       F      G
               +--------+--------+--------+--------+--------+-----+--------+
         Total |   3674 |   3383 |    291 |    414 |   2449 |   5 |  734.8 |
       Dungeon |   3674 |   3383 |    291 |    414 |   2449 |   5 |  734.8 |
               +--------+--------+--------+--------+--------+-----+--------+

Top non-repeatable levels by time:
     D:4: 1525 daAuts
     D:2: 635 daAuts
     D:1: 602 daAuts
     D:3: 593 daAuts
     D:5: 317 daAuts
